 Dungeon Crawl Stone Soup version 0.30-a0-924-g0ad0bf95bc (webtiles) character file.

Game seed: 5657266312494146397

1516 Iniera the Destroyer (level 8, -3/117 HPs)
             Began as an Octopode Conjurer on Mar 22, 2023.
             Slain by asti's ghost (7 damage)
             ... on level 5 of the Dungeon.
             The game lasted 00:12:43 (5428 turns).

Iniera the Destroyer (Octopode Conjurer)            Turns: 5428, Time: 00:12:44

Health: -3/117     AC: 24    Str:  7    XL:     8   Next: 83%
Magic:  3/16       EV:  2    Int: 22    God:
Gold:   151        SH:  0    Dex: 10    Spells: 3/17 levels left

rFire   + . .      SeeInvis .    e - +0 rapier (drain)
rCold   + . .      Faith    .    (no shield)
rNeg    . . .      Spirit   .    (helmet currently unavailable)
rPois   +          Reflect  .    (no amulet)
rElec   +          Rampage  .    j - ring of poison resistance
rCorr   +          NoTele   +    m - ring of resist corrosion
Will    .....                    r - ring of flight Stlth
                                 (no ring)
HPRegen 0.39/turn                (no ring)
MPRegen 0.15/turn                (no ring)
                                 (no ring)
                                 (no ring)

@: berserking, tree-form (expiring), resistant, very slightly contaminated, very
quick
A: stationary, stasis, torment immunity, boosted hp, almost no armour,
(amphibious), 8 rings, (camouflage 1), (gelatinous body 1), (nimble swimmer 1),
(tentacles)
a: no special abilities


You were on level 5 of the Dungeon.
You were a tree.
You visited 1 branch of the dungeon, and saw 6 of its levels.

You collected 241 gold pieces.
You spent 90 gold pieces at shops.

Inventory:

Hand Weapons
 c - a +2 dagger of venom
 e - a +0 rapier of draining (weapon)
Magical Staves
 g - a staff of air
Jewellery
 j - a ring of poison resistance (left branch)
 m - a ring of resist corrosion (right branch)
 r - a ring of flight (on tentacle)
Wands
 i - a wand of flame (25)
Scrolls
 b - a scroll of silence
 f - a scroll of fear
 n - a scroll of teleportation
 p - a scroll of magic mapping
 q - 2 scrolls of poison
Potions
 a - 2 potions of magic
 d - a potion of resistance
 k - a potion of curing
 l - a potion of might


   Skills:
 - Level 3.1 Fighting
 - Level 2.0 Dodging
 - Level 2.6 Stealth
 + Level 5.3 Spellcasting
 + Level 8.2 Conjurations
 - Level 2.6 Hexes
 - Level 2.6 Translocations
 - Level 1.3 Earth Magic


You had 3 spell levels left.
You knew the following spells:

 Your Spells              Type           Power      Damage    Failure   Level
a - Magic Dart            Conj           100%       1d8       1%          1
b - Searing Ray           Conj           84%        2d7       1%          2
c - Fulminant Prism       Conj/Hex       15%        3d10      11%         4
d - Iskenderun's Mystic   Conj/Tloc      29%        2d7       11%         4
e - Stone Arrow           Conj/Erth      54%        3d10      4%          3

Your spell library contained the following spells:

 Spells                   Type           Power      Damage    Failure   Level
 Shock                    Conj/Air       96%        1d9       1%          1
 Momentum Strike          Conj/Tloc      58%        3d9       1%          2
 Dazzling Flash           Conj/Hex       60%        N/A       3%          3
 Blink                    Tloc           34%        N/A       4%          2
 Lesser Beckoning         Tloc           34%        N/A       4%          2
 Sandblast                Erth           22%        2d7       5%          1
 Hailstorm                Conj/Ice       24%        3d7       5%          3
 Freeze                   Ice            20%        1d4       10%         1
 Passwall                 Tmut/Erth      6%         N/A       11%         2
 Vhi's Electric Charge    Tloc/Air       22%        N/A       17%         3
 Frozen Ramparts          Ice            10%        1d2       28%         3
 Swiftness                Air            5%         N/A       28%         3
 Arcjolt                  Conj/Air       12%        1d22      45%         5
 Airstrike                Air            2%         2d(1-17)  67%         4
 Maxwell's Capacitive Co  Air            2%         ∞         100%        8


Dungeon Overview and Level Annotations

Branches:
Dungeon (6/15)
 Temple: D:4-7

Altars:
Hepliaklqana
Sif Muna
Wu Jian
Zin

Shops:
D:1 (

Annotations:
D:5 1 transporter, asti's ghost, novice MiFi


Innate Abilities, Weirdness & Mutations

You are a tree.
Your roots penetrate the ground, keeping you stationary.
You cannot be teleported.
You are immune to unholy pain and torment.
Your maximum health is greatly increased.
You cannot wear most types of armour.
((You are amphibious.))
You can wear up to eight rings at the same time.
((Your skin changes colour to match your surroundings (Stealth+).))
((Your rubbery body absorbs attacks. (AC +1, EV +1)))
((You are camouflaged when in or above water. (Stealth+)))
((You have tentacles for arms and can constrict up to eight enemies at once.))


Message History

The stone arrow hits asti's ghost!
Asti's ghost is heavily damaged.
Asti's ghost hits you!
* * * LOW HITPOINT WARNING * * *
Press: ? - help, v - describe, . - travel
Here: asti's ghost (heavily damaged)
An open translucent door.
Casting: Stone Arrow (dangerous; 4% risk of failure)
Confirm with . or Enter, or press ? or * to list all spells.
You miscast Iskenderun's Mystic Blast.
Nothing appears to happen.
Asti's ghost hits you but does no damage.
Casting: Iskenderun's Mystic Blast (dangerous; 11% risk of failure)
Confirm with . or Enter, or press ? or * to list all spells.
You miscast Iskenderun's Mystic Blast.
Nothing appears to happen.
Asti's ghost hits you but does no damage.
The gnoll bouda barely misses you.
Unknown command.
Unknown command.
Casting: Iskenderun's Mystic Blast (dangerous; 11% risk of failure)
Confirm with . or Enter, or press ? or * to list all spells.
You don't have enough magic to cast this spell.
Unknown command.
Unknown command.
You feel better. Asti's ghost hits you.
* * * LOW HITPOINT WARNING * * *
The gnoll bouda hits you but does no damage.
A red film seems to cover your vision as you go berserk!
You feel yourself moving faster!
You feel mighty!
Your transformation is almost over.
Asti's ghost hits you but does no damage.
The gnoll bouda hits you with a +0 whip!
* * * LOW HITPOINT WARNING * * *
You barely miss asti's ghost.
Asti's ghost is heavily damaged.
Asti's ghost hits you but does no damage.
You barely miss asti's ghost.
Asti's ghost is heavily damaged.
The gnoll bouda hits you but does no damage.
Asti's ghost hits you!
You die...

#............................#
##.≈≈≈≈≈≈≈≈≈≈≈≈~≈≈≈≈≈≈≈≈≈≈≈≈..#
...≈≈≈≈≈≈≈≈≈≈≈≈~≈≈≈≈≈≈≈≈≈≈≈≈..#
##.≈≈#####....)......#####≈≈..#
...≈≈#g8.#.###.©.###.#.8.#≈≈..#
...≈≈#W..###.#####©###...#≈≈..#
...≈≈###......)).......###≈≈..#
...≈≈.8#.######W######.#8.≈≈..#
...≈≈.##.#g..#8.♣#.⌠.#.##.≈≈..#
...~~.#ggg..:#⌠©g))..'..#.~~..#
...≈≈.##g#.g.#8.)#.⌠.#.##.≈≈..#
...≈≈.8#.######'######.#8.≈≈..#
...≈≈###...............###≈≈.)#
##.≈≈#...###.#####.###...#≈≈..#
#.≈≈#.8.#.###.©.###.#.8.#≈≈..#
#.≈≈#####...........#####≈≈..#
##.≈≈≈≈≈≈≈≈≈≈≈...≈≈≈≈≈≈≈≈≈≈≈..#


You could see a gnoll bouda and asti's ghost.

Vanquished Creatures
  Pikel (D:5)
  The ghost of FexLirch the Cleaver, an amateur HORe (D:3)
  A water moccasin (D:5)
  A black bear (D:5)
  Blork the orc (D:5)
  A gnoll sergeant (D:5)
  2 scorpions
  An orc priest (D:5)
  2 hounds
  2 jellies
  An iguana (D:5)
  9 gnolls
  12 adders
  2 white imps (D:5)
  2 ufetubi (D:5)
  A worm (D:2)
  2 dart slugs
  4 orcs (D:5)
  4 ball pythons
  4 bats
  7 endoplasms
  5 giant cockroaches
  8 goblins
  5 hobgoblins
  11 jackals
  3 quokkas
  4 frilled lizards
  8 kobolds
  5 rats
110 creatures vanquished.

Vanquished Creatures (others)
  3 fulminant prisms (D:5)
  6 plants (D:5)
9 creatures vanquished.

Grand Total: 119 creatures vanquished

Notes
Turn   | Place    | Note
-------+----------+-------------------------------------------
     0 | D:1      | Iniera the Octopode Conjurer began the quest for the Orb.
     0 | D:1      | Reached XP level 1. HP: 11/11 MP: 3/3
    62 | D:1      | Found Quefey's Antique Weapon Shop.
   152 | D:1      | Reached XP level 2. HP: 17/17 MP: 0/5
   155 | D:1      | Learned a level 2 spell: Searing Ray
   617 | D:1      | Reached XP level 3. HP: 15/21 MP: 1/6
   618 | D:1      | Reached skill level 5 in Conjurations
  1207 | D:2      | Reached XP level 4. HP: 23/27 MP: 0/7
  1821 | D:2      | Found a faded altar of an unknown god.
  1822 | D:2      | Noticed an eye of devastation
  1825 | D:2      | Noticed an eye of devastation
  1825 | D:2      | Noticed a great orb of eyes
  1825 | D:2      | Noticed a golden eye
  2199 | D:2      | Reached XP level 5. HP: 31/31 MP: 5/8
  2606 | D:3      | You fall into a shaft and drop 2 floors!
  2606 | D:5      | Entered Level 5 of the Dungeon
  2606 | D:5      | Found an ornate altar of the Wu Jian Council.
  2607 | D:5      | Noticed a water moccasin
  2613 | D:5      | Killed a water moccasin
  2614 | D:5      | Reached skill level 6 in Conjurations
  2614 | D:5      | Reached skill level 1 in Hexes
  2614 | D:5      | Reached skill level 1 in Translocations
  2614 | D:5      | Reached skill level 1 in Earth Magic
  2614 | D:5      | Reached XP level 6. HP: 36/36 MP: 4/10
  2816 | D:5      | Identified the +4 ring mail of Duczarar {rCorr Int+3}
  2816 | D:5      | Identified the +1 buckler of the Trees {Drain +Blink Dex+4
                  | Stlth+}
  2865 | D:4      | Found a hazy altar of Hepliaklqana.
  2867 | D:4      | Found a shimmering blue altar of Sif Muna.
  3218 | D:3      | Found a runed translucent door.
  3225 | D:3      | Noticed FexLirch's ghost (amateur HORe)
  3233 | D:3      | Killed FexLirch's ghost
  3234 | D:3      | Reached XP level 7. HP: 14/41 MP: 2/12
  4277 | D:5      | Noticed Blork the orc
  4283 | D:5      | Killed Blork the orc
  4385 | D:5      | Reached skill level 7 in Conjurations
  4471 | D:5      | Noticed asti's ghost (novice MiFi)
  4484 | D:5      | Found a transporter.
  4592 | D:5      | Found a transporter.
  4673 | D:5      | Learned a level 4 spell: Fulminant Prism
  4678 | D:5      | Learned a level 4 spell: Iskenderun's Mystic Blast
  4723 | D:5      | Noticed Pikel
  4829 | D:5      | Reached skill level 1 in Fighting
  4953 | D:5      | Reached XP level 8. HP: 47/48 MP: 8/14
  5095 | D:5      | Killed Pikel
  5207 | D:5      | Found Zin's Purification Station.
  5233 | D:5      | Found a glowing silver altar of Zin.
  5236 | D:5      | Bought a potion of curing for 90 gold pieces
  5302 | D:6      | Reached skill level 5 in Spellcasting
  5302 | D:6      | Reached skill level 8 in Conjurations
  5344 | D:6      | Learned a level 3 spell: Stone Arrow
  5422 | D:5      | HP: 2/78 [asti's ghost (12)]
  5428 | D:5      | Slain by asti's ghost

Illustrated notes

Levels and vault maps discovered:
D:1:      amcnicky_arrival_flooded_fountain, layout_loops_cross, serial_shops,
          nicolae_diamond_shop, minmay_pentomino_r2
D:2:      layout_basic, hellmonk_ecumenical_altar_watching_god
D:3:      layout_loops_ring, ebering_ghost_sewer_d,
          minmay_misc_feat_four_crosses
D:4:      layout_cave_pools, nicolae_overflow_squiral, portal_sewer_entry_d,
          minmay_misc_feat_square
D:5:      layout_loops_ring, nzn_wu_jian_contemplation, zin_purify,
          gammafunk_ghost_gnarly_gnolls, hangedman_decor_peaks_small,
          uniq_pikel, uniq_blork_the_orc
D:6:      layout_gridville, serial_shops, shop

Skill      XL: |  1  2  3  4  5  6  7  8 |
---------------+-------------------------+-----
Conjurations   | 5 6 7 8 |  8.2
Spellcasting   | 3 4 5 |  5.3
Hexes          | 1 2 |  2.6
Translocations | 1 2 |  2.6
Earth Magic    | 1 |  1.3
Fighting       | 1 3 |  3.1
Dodging        | |  2.0
Stealth        | |  2.6

Action                     |  1- 3 |  4- 6 |  7- 9 || total
---------------------------+-------+-------+-------++-------
  Melee: Unarmed           |     2 |       |       ||     2
         Constrict         |     2 |     3 |    10 ||    15
         Short sword       |     2 |    12 |       ||    14
         Tentacles         |     1 |     2 |     4 ||     7
         Dagger            |       |     3 |    14 ||    17
         Rapier            |       |       |    23 ||    23
   Cast: Magic Dart        |    50 |    61 |    72 ||   183
         Searing Ray       |     1 |     9 |     9 ||    19
         Fulminant Prism   |       |       |     3 ||     3
         Stone Arrow       |       |       |     6 ||     6
         Iskenderun's Myst |       |       |     3 ||     3
    Use: Scroll            |       |     9 |     5 ||    14
         Potion            |       |       |     8 ||     8
   Stab: Sleeping          |       |       |     1 ||     1
 Armour: Skin              |     2 |     2 |    22 ||    26
  Dodge: Dodged            |     7 |    22 |    53 ||    82

Table legend: (Time is in decaauts)
 A = Elapsed time spent in this place.
 B = Non-inter-level travel time spent in this place.
 C = Inter-level travel time spent in this place.
 D = Time resting spent in this place.
 E = Time spent auto-exploring this place.
 F = Levels seen in this place.
 G = Mean time per level.
                   A        B        C        D        E       F      G
               +--------+--------+--------+--------+--------+-----+--------+
         Total |   5430 |   5171 |    259 |    897 |   3425 |   6 |  905.0 |
       Dungeon |   5430 |   5171 |    259 |    897 |   3425 |   6 |  905.0 |
               +--------+--------+--------+--------+--------+-----+--------+

Top non-repeatable levels by time:
     D:5: 1376 daAuts
     D:2: 1284 daAuts
     D:1: 1142 daAuts
     D:3: 941 daAuts
     D:4: 637 daAuts
     D:6: 48 daAuts
